 Dungeon Crawl Stone Soup version 0.18-a0-1078-gebb93d0 (webtiles) character file.

185 ater218 the Conjurer (level 5, -3/28 HPs)
             Began as a Deep Elf Conjurer on Jan 14, 2016.
             Slain by a gnoll shaman
             ... wielding a +0 whip
              (4 damage)
             ... on level 5 of the Dungeon.
             The game lasted 00:14:42 (3009 turns).

ater218 the Conjurer (Deep Elf Conjurer)            Turns: 3009, Time: 00:14:42

Health: -3/28      AC:  2    Str:  5    XL:     5   Next: 37%
Magic:  2/14       EV: 14    Int: 21    God:
Gold:   72         SH:  4    Dex: 15    Spells: 2 memorised, 11 levels left

rFire  . . .     SeeInvis .     k - -3 dagger (curse)
rCold  . . .     Gourm    .     f - +0 robe
rNeg   . . .     Faith    .     (no shield)
rPois  .         Spirit   .     (no helmet)
rElec  .         Dismiss  .     (no cloak)
rCorr  .         Reflect  +     (no gloves)
SustAt .         Harm     .     (no boots)
MR     .....                    j - +4 amulet of reflection
Stlth  ++........               (no ring)
                                (no ring)

@: very slightly contaminated, not resistant to hostile enchantments, unstealthy
A: no striking features
a: no special abilities


You were on level 5 of the Dungeon.
You were not hungry.

You visited 1 branch of the dungeon, and saw 5 of its levels.

You collected 72 gold pieces.

Inventory:

Hand Weapons
 a - a +1 mace of holy wrath
 k - a cursed -3 dagger (weapon)
Armour
 f - a +0 robe (worn)
Jewellery
 j - a +4 amulet of reflection (around neck)
Scrolls
 d - 2 scrolls of remove curse
 e - a scroll of enchant armour {unknown}
Potions
 h - a potion of ambrosia {unknown}
 i - a potion of cancellation
 m - a potion of cure mutation {unknown}
Books
 b - a book of Conjurations

   Spells                             Type                      Level
   a - Magic Dart                     Conjuration                  1
   b - Searing Ray                    Conjuration                  2
   c - Dazzling Spray                 Conjuration/Hexes            3
   d - Fulminant Prism                Conjuration/Hexes            4
   e - Iskenderun's Mystic Blast      Conjuration                  4
   f - Iskenderun's Battlesphere      Conjuration/Charms           5
Comestibles
 c - a bread ration
 g - a meat ration
 l - 3 chunks of flesh


   Skills:
 + Level 3.8 Dodging
 - Level 2.4 Stealth
 * Level 5.2 Spellcasting
 + Level 5.7 Conjurations


You had 11 spell levels left.
You knew the following spells:

 Your Spells              Type           Power        Failure   Level  Hunger
a - Magic Dart            Conj           ####         1%          1    None
b - Searing Ray           Conj           ####..       1%          2    None


Dungeon Overview and Level Annotations

Branches:
Dungeon (5/15)
 Temple: D:4-7

Altars:
Pakellas
Qazlal
Trog

Shops:
D:4 ?

Annotations:
D:3 xgamer67's ghost, amateur OpAs


Message History

The gnoll shaman is moderately wounded.
The gnoll shaman closely misses you.
You hit the gnoll shaman but do no damage.
The gnoll shaman is moderately wounded.
The gnoll shaman hits you with a whip!
* * * LOW HITPOINT WARNING * * *
You hit the gnoll shaman but do no damage.
The gnoll shaman is moderately wounded.
The gnoll shaman barely misses you.
You hit the gnoll shaman but do no damage.
The gnoll shaman is moderately wounded.
The gnoll shaman hits you with a whip.
* * * LOW HITPOINT WARNING * * *
You barely miss the gnoll shaman.
The gnoll shaman is moderately wounded.
The gnoll shaman misses you.
You hit the gnoll shaman but do no damage.
The gnoll shaman is moderately wounded.
The gnoll shaman hits you with a whip.
You die...

#. #. #.
#. #. #
#.#####?..
#..g....##
#.@$......
##......##
#####....
.##


You could see a gnoll shaman.

Vanquished Creatures
  A hound (D:4)
  An orc priest (D:4)
  A worker ant (D:4)
  An adder (D:2)
  2 gnolls (D:4)
  An ooze (D:4)
  A worm (D:1)
  A giant gecko (D:4)
  4 orcs (D:4)
  A ball python (D:1)
  4 bats
  3 giant cockroaches (D:2)
  11 goblins
  6 hobgoblins
  4 jackals (D:2)
  6 kobolds
  2 quokkas
  3 giant newts
  7 rats
60 creatures vanquished.

Notes
Turn   | Place    | Note
--------------------------------------------------------------
     0 | D:1      | ater218 the Deep Elf Conjurer began the quest for the Orb.
     0 | D:1      | Reached XP level 1. HP: 10/10 MP: 6/6
   207 | D:1      | Reached XP level 2. HP: 15/15 MP: 0/8
   455 | D:1      | Reached skill level 5 in Conjurations
   837 | D:2      | Found a stormy altar of Qazlal.
   879 | D:2      | Reached XP level 3. HP: 19/19 MP: 8/10
  1587 | D:2      | Found an oddly glowing altar of Pakellas.
  2073 | D:3      | Reached XP level 4. HP: 24/24 MP: 6/12
  2141 | D:3      | Found a bloodstained altar of Trog.
  2233 | D:3      | Noticed xgamer67's ghost (amateur OpAs)
  2274 | D:4      | Learned a level 2 spell: Searing Ray
  2371 | D:4      | Found Liditet's Magic Scroll Boutique.
  2772 | D:4      | Reached skill level 5 in Spellcasting
  2772 | D:4      | Reached XP level 5. HP: 28/28 MP: 4/14
  2995 | D:5      | Entered Level 5 of the Dungeon
  3007 | D:5      | HP: 1/28 [gnoll shaman/whip (4)]
  3009 | D:5      | Slain by a gnoll shaman

Vault maps used:
D:1:      nagdon_arrival_double_spiral, due_unseen_surprise
D:2:      grunt_pakellas_salt, lemuel_round_altar
D:3:      cheibriados_altar_1, lightli_temple_of_fire, st_stairs_7
D:4:      minmay_temple_entry_junction, serial_shops, shop
D:5:      nicolae_overflow_hidden_temple, overflow_temple_1_default,
          first_bread, basic_altar, minmay_tree_intersection, uniq_sigmund

Action                   |  1- 3 |  4- 6 || total
-------------------------+-------+-------++-------
Melee: Unarmed           |     4 |       ||     4
       Dagger            |       |    11 ||    11
 Cast: Magic Dart        |    88 |    56 ||   144
       Searing Ray       |       |     7 ||     7
  Use: Scroll            |     5 |     2 ||     7
       Potion            |     1 |       ||     1
  Eat: Chunk             |     2 |     2 ||     4
       Meat ration       |       |     1 ||     1
